 Dungeon Crawl Stone Soup version 0.21.1-1-g345015f (webtiles) character file.

69 Tarshaid the Ruffian (level 4, -1/54 HPs)
             Began as a Draconian Transmuter on Apr 15, 2018.
             Succumbed to glosham's ghost's poison
             ... on level 3 of the Dungeon.
             The game lasted 00:04:34 (1450 turns).

Tarshaid the Ruffian (Draconian Transmuter)         Turns: 1450, Time: 00:04:35

Health: -1/54      AC: 22    Str: 11 (13) XL:     4   Next: 2%
Magic:  6/7        EV:  2    Int: 11 (14) God:
Gold:   107        SH:  0    Dex: 13 (16) Spells: 1/7 levels left

rFire    . . .     SeeInvis .     - Unarmed
rCold    . . .     Gourm    .   (no shield)
rNeg     + + +     Faith    .   (armour unavailable)
rPois    +         Spirit   .   (helmet currently unavailable)
rElec    .         Reflect  .   (cloak currently unavailable)
rCorr    .         Harm     .   (gloves currently unavailable)
MR       .....     NoTele   +   (boots currently unavailable)
Stlth    ++........             (no amulet)
HPRegen  0.18/turn              f - ring of teleportation (curse)
MPRegen  0.10/turn              (no ring)

@: agile, lethally poisoned (-1 -> -22), tree-form
A: unfitting armour, AC +5
a: no special abilities


You were on level 3 of the Dungeon.
You were hungry.
You were a tree.
You visited 1 branch of the dungeon, and saw 3 of its levels.

You collected 107 gold pieces.

Inventory:

Missiles
 a - 33 arrows
Jewellery
 f - a cursed ring of teleportation (left branch)
Wands
 j - a wand of iceblast (7)
Scrolls
 d - 4 scrolls of remove curse {unknown}
 e - 5 scrolls of identify {unknown}
 i - a scroll of enchant armour {unknown}
 k - a scroll of amnesia {unknown}
 o - a scroll of blinking {unknown}
Potions
 n - a potion of haste {unknown}
Books
 b - a book of Changes

   Spells                             Type                      Level
   a - Beastly Appendage              Transmutation                1
   b - Sticks to Snakes               Transmutation                2
   c - Spider Form                    Transmutation/Poison         3
   d - Ice Form                       Ice/Transmutation            4
   e - Blade Hands                    Transmutation                5
Comestibles
 c - 2 rations
 m - 5 chunks of flesh


   Skills:
 - Level 2.0 Fighting
 - Level 2.0 Dodging
 + Level 3.8 Unarmed Combat
 - Level 2.0 Spellcasting
 + Level 3.0 Transmutations


You had one spell level left.
You knew the following spells:

 Your Spells              Type           Power        Failure   Level  Hunger
a - Beastly Appendage     Tmut           #.....       9%          1    ##.....
b - Sticks to Snakes      Tmut           #.......     12%         2    ###....
c - Spider Form           Tmut/Pois      #.........   43%         3    ####...


Dungeon Overview and Level Annotations

Branches:
Dungeon (3/15)

Altars:
Cheibriados
Dithmenos
Wu Jian

Portals:
Sewer: D:3

Annotations:
D:3 glosham's ghost, amateur TrBe


Innate Abilities, Weirdness & Mutations

((Your plain brown scales are hard. (AC +5)))
You cannot fit into any form of body armour.
((You are cold-blooded and may be slowed by cold attacks.))


Message History

* * * LOW HITPOINT WARNING * * *
You feel sick.
Things that are here:
an enchanted whip; a kobold corpse It was a potion of agility.
You feel agile all of a sudden.
* * * LOW HITPOINT WARNING * * *
You feel sick. Glosham's ghost barely misses you.
It was a potion of lignification.
Your talons disappear.
You turn into a tree.
Your roots penetrate the ground.
* * * LOW HITPOINT WARNING * * *
You feel sick. Glosham's ghost hits you.
* * * LOW HITPOINT WARNING * * *
You are more poisoned.
Unknown command.
It was a potion of degeneration.
There was something very wrong with that liquid.
You feel weakened.
You feel dopey.
You feel clumsy.
You die...

###. #.. # #######.#
#######.###
........#######.........#
#....>w............#
#.########(.$......#
#######.######.(.....#...#.
##.†.........<..######......
...######.#.....♣Wgo........
##......?...########w.......
..#.###.#.### ####.........
w.#.....w..## #%.W.##......
.>#..#...#..####†#### #...#.
.....≈≈≈≈≈..W.w..# #..#
...#≈≈≈≈≈≈≈#..#### .#..
##.≈≈≈≈≈≈≈≈...# # .
#...≈≈≈∩≈≈≈!.r#


You could see a worm, glosham's ghost, an orc and a hobgoblin.

Vanquished Creatures
  An adder (D:2)
  An ooze (D:2)
  A worm (D:3)
  2 dart slugs
  A leopard gecko (D:3)
  A ball python (D:2)
  3 giant cockroaches
  2 goblins (D:2)
  4 hobgoblins
  7 jackals (D:1)
  2 quokkas
  4 bats
  4 frilled lizards
  7 kobolds
  5 rats
45 creatures vanquished.

Notes
Turn   | Place    | Note
-------+----------+-------------------------------------------
     0 | D:1      | Tarshaid the Draconian Transmuter began the quest for the Orb.
     0 | D:1      | Reached XP level 1. HP: 16/16 MP: 3/3
   229 | D:1      | Reached XP level 2. HP: 17/23 MP: 3/5
   235 | D:1      | Learned a level 2 spell: Sticks to Snakes
   367 | D:1      | Found an ornate altar of the Wu Jian Council.
   637 | D:2      | Found a snail-covered altar of Cheibriados.
   772 | D:2      | Reached XP level 3. HP: 22/29 MP: 4/6
   927 | D:2      | Learned a level 3 spell: Spider Form
  1197 | D:3      | Found a glowing drain.
  1200 | D:3      | Noticed glosham's ghost (amateur TrBe)
  1239 | D:3      | Found a shadowy altar of Dithmenos.
  1433 | D:3      | Reached XP level 4. HP: 16/36 MP: 5/7
  1449 | D:3      | HP: 2/54 [poisoned by glosham's ghost]
  1450 | D:3      | Succumbed to glosham's ghost's poison

Skill      XL: |  1  2  3 |
---------------+----------+-----
Dodging        | 2 |  2.0
Fighting       | 2 |  2.0
Transmutations | 3 |  3.0
Unarmed Combat | |  3.8
Spellcasting   | |  2.0

Action                   |  1- 3 |  4- 6 || total
-------------------------+-------+-------++-------
Melee: Unarmed           |   125 |     7 ||   132
       Kick              |    20 |     1 ||    21
       Tailslap          |    12 |     1 ||    13
       Headbutt          |     2 |       ||     2
       Punch             |     2 |       ||     2
 Cast: Beastly Appendage |    24 |       ||    24
  Use: Potion            |       |     3 ||     3
 Stab: Sleeping          |     1 |       ||     1
  Eat: Chunk             |     2 |       ||     2
Armor: Skin              |    32 |     2 ||    34
Dodge: Dodged            |    77 |     6 ||    83
